Map: Frozen Temple

Players

Hydra

  • Race: Zerg Zerg

Neeb - Winner!

  • Race: Protoss Protoss

Event: DreamHack Open Tours WCS Spring Championship

VOD

https://www.youtube.com/watch?v=fcViXNHIYlI

Description

Time

  • Played on: May 15, 2016, 5:44 a.m.
  • Length: 13:43

All games in this series

Show
View Real Time Build Order
Export as new Build Order

Hydra Zerg 

Build Orders: Hatch First, Lurkers 

Get SALT Encoding   

  12  0:00  Drone  
  13  0:12  Overlord  
  13  0:17  Drone  
  14  0:30  Drone x2  
  14  0:34  Drone  
  17  0:51  Hatchery  
  17  0:54  Drone  
  17  0:59  Drone  
  18  1:06  Drone  
  18  1:09  Extractor  
  18  1:15  Spawning Pool  
  18  1:18  Drone  
  18  1:27  Drone  
  19  1:38  Drone  
  20  1:47  Hatchery  
  20  1:49  Drone  
  20  2:00  Drone  
  21  2:03  Queen  
  21  2:05  Zergling x2  
  24  2:11  Metabolic Boost  
  25  2:15  Drone  
  25  2:18  Drone  
  26  2:24  Overlord  
  26  2:26  Drone  
  27  2:32  Drone  
  28  2:42  Queen  
  28  2:43  Zergling x4  
  32  2:46  Zergling x2  
  33  2:58  Queen  
  33  2:59  Drone  
  33  3:00  Overlord  
  33  3:02  Drone  
  33  3:05  Drone  
  38  3:11  Drone x4  
  38  3:12  Drone  
  42  3:16  Drone  
  42  3:20  Drone  
  42  3:25  Overlord  
  43  3:27  Drone  
  43  3:32  Drone  
  43  3:34  Queen, Drone  
  46  3:37  Drone  
  49  3:44  Drone  
  49  3:45  Drone  
  51  3:48  Drone x2  
  51  3:49  Drone x2  
  51  3:51  Drone x2  
  51  3:52  Lair  
  51  3:53  Drone  
  58  3:57  Overlord  
  58  4:03  Roach Warren, Extractor  
  58  4:05  Drone  
  58  4:06  Drone  
  58  4:08  Overlord  
  58  4:17  Drone, Extractor  
  58  4:19  Drone x2  
  58  4:20  Drone  
  60  4:25  Zergling x2  
  60  4:27  Zergling x10  
  60  4:28  Zergling x2  
  67  4:34  Extractor, Drone  
  67  4:36  Overlord  
  67  4:43  Roach  
  67  4:44  Roach x2  
  73  4:46  Overlord  
  73  4:47  Overlord  
  73  4:49  Glial Reconstitution  
  73  4:56  Zergling x16  
  73  4:59  Extractor  
  80  5:03  Roach  
  75  5:07  Zergling x2  
  75  5:08  Zergling x2  
  75  5:16  Zergling x10  
  75  5:17  Zergling x4  
  75  5:22  Drone  
  75  5:23  Drone  
  75  5:25  Hydralisk Den  
  75  5:26  Drone  
  75  5:28  Drone  
  75  5:34  Drone  
  75  5:36  Drone  
  75  5:42  Drone x2  
  78  5:44  Drone x3  
  78  5:49  Drone x2  
  83  5:51  Drone x2  
  83  5:55  Drone  
  83  5:56  Drone  
  83  5:57  Lurker Den  
  84  6:00  Overlord  
  78  6:11  Drone  
  78  6:12  Evolution Chamber  
  78  6:14  Overlord x2  
  78  6:16  Hydralisk x3  
  78  6:17  Hydralisk x4  
  89  6:22  Overseer  
  89  6:23  Hatchery  
  88  6:30  Overlord  
  88  6:33  Hydralisk x4  
  88  6:35  Overseer  
  88  6:39  Zerg Missile Weapons Level 1  
  96  6:40  Drone  
  96  6:42  Extractor  
  96  6:49  Drone x4  
  96  6:50  Drone x6  
  106  6:59  Overlord x2  
  106  7:13  Hydralisk  
  106  7:14  Hydralisk x2  
  112  7:19  Drone x5  
  117  7:23  Muscular Augments  
  117  7:24  Lurker x4  
  117  7:28  Lurker  
  122  7:31  Overlord x3  
  122  7:32  Overlord  
  122  7:35  Hydralisk x2  
  122  7:36  Hydralisk  
  128  7:40  Hydralisk  
  128  7:44  Hydralisk  
  130  7:47  Hydralisk  
  133  7:51  Hydralisk x2  
  133  7:57  Hydralisk  
  138  7:59  Zergling x2  
  138  8:00  Zergling x20  
  138  8:01  Zergling x2  
  150  8:10  Hydralisk x3  
  156  8:20  Hydralisk x5  
  156  8:22  Hydralisk  
  156  8:25  Overlord x2  
  157  8:37  Hydralisk x5  
  148  8:43  Hydralisk x2  
  148  8:44  Zergling x2  
  148  8:45  Zergling x12  
  158  9:00  Roach x6  
  158  9:01  Roach x4  
  160  9:06  Zerg Melee Weapons Level 1, Drone x2  
  160  9:09  Drone x2  
  162  9:10  Drone x2  
  162  9:11  Extractor x2  
  162  9:15  Zergling x2  
  162  9:16  Lurker  
  164  9:20  Lurker  
  165  9:24  Drone  
  165  9:27  Drone x2  
  165  9:29  Zergling x6  
  171  9:34  Lurker x2  
  173  9:38  Drone  
  173  9:39  Drone x2  
  173  9:41  Evolution Chamber  
  173  9:42  Spore Crawler  
  173  9:43  Spine Crawler  
  172  9:46  Lurker x3  
  172  9:50  Zergling x18  
  166  10:04  Zergling x2  
  166  10:05  Zergling x18  
  174  10:10  Lurker x2  
  173  10:15  Zerg Ground Armor Level 1, Zergling x2  
  173  10:16  Zergling x16  
  180  10:24  Hydralisk  
  180  10:25  Hydralisk x2  
  171  10:32  Zergling x6  
  174  10:37  Queen  
  174  10:39  Hydralisk x3  
  182  10:48  Overlord x4  
  172  11:07  Hydralisk  
  172  11:08  Hydralisk x9  
  175  11:14  Lurker x7  
  175  11:17  Hydralisk  
  177  11:20  Zergling x2  
  177  11:21  Zergling x18  
  186  11:28  Zergling x2  
  186  11:29  Zergling x6  
  189  11:33  Zergling x2  
  189  11:34  Zergling x2  
  191  11:41  Hydralisk  
  191  11:42  Hydralisk x2  
  182  11:47  Hydralisk  
  166  11:54  Hydralisk x10  
  166  11:55  Hydralisk x2  
  162  12:02  Hydralisk x2  
  162  12:03  Hydralisk  
  144  12:10  Hydralisk x3  
  138  12:16  Hydralisk x3  
  138  12:20  Hydralisk  
  140  12:28  Zergling x8  
  144  12:30  Zergling x4  
  144  12:32  Zergling x2  
  144  12:33  Zergling x12  
  153  12:37  Zergling x2  
  153  12:42  Hatchery  
  153  12:47  Zergling x8  
  155  12:54  Zergling x6  
  137  13:01  Hydralisk x4  
  137  13:02  Hydralisk x3  
  125  13:10  Hydralisk x3  
  114  13:14  Hydralisk x2  
Show
View Real Time Build Order
Export as new Build Order

Neeb Protoss - Winner!

Build Orders: 1 Gate Expand 

Get SALT Encoding   

  12  0:00  Probe (Chrono Boost)  
  13  0:11  Probe (Chrono Boost)  
  14  0:18  Pylon  
  14  0:21  Probe (Chrono Boost)  
  15  0:36  Probe (Chrono Boost)  
  15  0:38  Gateway  
  16  0:47  Probe (Chrono Boost)  
  17  0:57  Probe (Chrono Boost)  
  17  0:59  Assimilator  
  18  1:08  Probe (Chrono Boost)  
  19  1:20  Nexus  
  19  1:23  Probe (Chrono Boost)  
  20  1:33  Cybernetics Core  
  20  1:36  Probe (Chrono Boost)  
  21  1:41  Assimilator  
  21  1:46  Probe (Chrono Boost)  
  22  1:52  Pylon  
  22  1:57  Probe (Chrono Boost)  
  23  2:09  Warp Gate (Chrono Boost)  
  23  2:10  Probe, Adept (Chrono Boost)  
  26  2:22  Probe  
  27  2:25  Twilight Council  
  27  2:31  Probe  
  27  2:34  Probe  
  27  2:35  Stalker (Chrono Boost)  
  31  2:41  Probe  
  31  2:42  Pylon  
  32  2:46  Probe  
  33  2:52  Probe  
  33  2:57  Resonating Glaives (Chrono Boost)  
  35  2:58  Probe  
  35  3:02  Probe  
  36  3:10  Probe  
  36  3:13  Probe  
  36  3:19  Gateway  
  35  3:20  Gateway  
  35  3:22  Probe, Adept  
  35  3:24  Probe  
  39  3:33  Robotics Facility  
  39  3:35  Probe  
  39  3:36  Probe  
  41  3:47  Probe  
  41  3:48  Probe  
  43  3:59  Probe (Chrono Boost)  
  46  4:03  Pylon, Mothership Core (Chrono Boost)  
  46  4:09  Adept  
  48  4:10  Probe (Chrono Boost)  
  48  4:13  Adept  
  48  4:15  Adept  
  53  4:20  Warp Prism (Chrono Boost)  
  53  4:22  Probe (Chrono Boost)  
  56  4:31  Nexus  
  56  4:34  Adept x2  
  56  4:36  Adept  
  56  4:38  Pylon  
  62  4:48  Pylon  
  62  4:52  Assimilator  
  62  4:53  Assimilator  
  62  4:56  Probe x2  
  64  5:08  Probe x2, Adept x3  
  70  5:17  Immortal (Chrono Boost)  
  70  5:20  Probe x2  
  64  5:32  Probe x2  
  64  5:35  Sentry x2  
  70  5:40  Gateway  
  70  5:42  Gateway  
  70  5:44  Probe x2  
  70  5:45  Gateway  
  70  5:47  Adept  
  74  5:51  Immortal (Chrono Boost)  
  74  5:52  Probe  
  74  5:56  Probe x2  
  79  6:03  Probe  
  78  6:04  Sentry x2  
  78  6:08  Probe  
  78  6:09  Probe  
  78  6:10  Blink  
  81  6:13  Probe  
  82  6:19  Forge  
  82  6:20  Probe  
  82  6:21  Probe, Adept  
  82  6:22  Pylon  
  86  6:26  Probe, Observer (Chrono Boost)  
  89  6:32  Probe  
  89  6:33  Probe  
  89  6:36  Pylon  
  89  6:39  Pylon  
  90  6:41  Probe, Stalker  
  90  6:42  Stalker x2  
  90  6:46  Adept x2  
  101  6:50  Immortal (Chrono Boost)  
  101  6:52  Protoss Ground Weapons Level 1 (Chrono Boost)  
  93  6:56  Probe  
  93  6:57  Probe x2  
  100  7:03  Pylon  
  100  7:04  Assimilator  
  100  7:06  Assimilator  
  100  7:07  Probe  
  100  7:10  Robotics Bay  
  100  7:13  Probe  
  100  7:15  Adept x2  
  104  7:21  Adept x2  
  110  7:30  Stalker  
  110  7:31  Stalker  
  114  7:37  Gateway  
  114  7:38  Gateway  
  114  7:40  Pylon  
  114  7:43  Pylon  
  114  7:48  Stalker x3  
  114  7:49  Stalker  
  114  7:51  Pylon  
  122  7:52  Disruptor  
  125  8:02  Robotics Facility, Pylon  
  125  8:06  Stalker x2  
  129  8:23  Disruptor  
  129  8:26  Stalker x3  
  135  8:31  Adept x3  
  133  8:53  Stalker x3  
  133  8:54  Disruptor, Adept x2  
  141  8:59  Disruptor  
  140  9:06  Adept x3  
  140  9:08  Probe  
  140  9:09  Probe x2  
  149  9:20  Nexus  
  149  9:21  Protoss Ground Weapons Level 2 (Chrono Boost)  
  149  9:24  Pylon  
  149  9:26  Adept  
  149  9:27  Adept x3  
  157  9:33  Pylon  
  157  9:35  Pylon  
  157  9:36  Pylon  
  157  9:37  Disruptor  
  157  9:42  Disruptor, Pylon  
  159  10:03  Adept x6  
  159  10:04  Adept  
  173  10:08  Disruptor  
  176  10:16  Assimilator  
  176  10:18  Assimilator, Observer  
  177  10:21  Pylon  
  171  10:39  Disruptor x2  
  174  10:43  Stalker x4  
  174  10:44  Stalker x4  
  193  10:52  Probe x3  
  193  10:53  Probe  
  191  11:10  Disruptor  
  175  11:12  Adept  
  175  11:13  Adept x5  
  175  11:14  Disruptor  
  181  11:31  Probe  
  181  11:32  Probe x2  
  182  11:33  Probe  
  185  11:41  Disruptor  
  185  11:44  Probe  
  189  11:52  Disruptor  
  111  12:08  Stalker x2  
  111  12:09  Stalker, Adept x2  
  111  12:11  Probe  
  111  12:12  Disruptor  
  115  12:19  Probe  
  115  12:21  Sentry x3  
  119  12:29  Sentry  
  121  12:30  Disruptor  
  121  12:31  Probe  
  121  12:32  Probe x2  
  127  12:38  Probe  
  127  12:43  Adept x2  
  127  12:44  Adept  
  128  12:54  Adept x2  
  128  12:55  Adept  
  117  12:59  Adept x2  
  107  13:05  Probe  
  107  13:06  Probe x2, Adept  
  111  13:14  Sentry  
  111  13:15  Sentry x2  
  122  13:29  Adept x3  

Tags
 
Add a new tag
Caveats
  • Supply blocks, unpowered buildings, or Contaminate may cause inaccurate times.
  • Supply counts are checked every 10 seconds.